 Dungeon Crawl Stone Soup version 0.19.1 (webtiles) character file.

41 lorenzova the Conjurer (level 3, -1/19 HPs)
             Began as a Deep Elf Conjurer on Dec 12, 2016.
             Slain by Ijyb
             ... wielding a +3 dagger
              (2 damage)
             ... on level 2 of the Dungeon.
             The game lasted 00:01:54 (1774 turns).

lorenzova the Conjurer (Deep Elf Conjurer)          Turns: 1774, Time: 00:01:55

Health: -1/19      AC:  2    Str:  5    XL:     3   Next: 32%
Magic:  0/10       EV: 13    Int: 20    God:
Gold:   97         SH:  0    Dex: 15    Spells: 1 memorised, 9 levels left

rFire  . . .     SeeInvis .     (no weapon)
rCold  . . .     Gourm    .     a - +0 robe
rNeg   . . .     Faith    .     (no shield)
rPois  .         Spirit   .     (no helmet)
rElec  .         Reflect  .     (no cloak)
rCorr  .         Harm     .     (no gloves)
MR     .....                    (no boots)
Stlth  +.........               (no amulet)
                                (no ring)
                                n - ring of loudness (curse)

@: very slightly contaminated
A: no striking features
a: no special abilities


You were on level 2 of the Dungeon.
You were not hungry.

You visited 1 branch of the dungeon, and saw 2 of its levels.

You collected 97 gold pieces.

Inventory:

Armour
 a - a +0 robe (worn)
Jewellery
 n - a cursed ring of loudness (left hand)
 p - a cursed amulet of inaccuracy {unknown}
Scrolls
 e - a scroll of magic mapping {unknown}
 f - 2 scrolls of teleportation
 h - a scroll of fog
 o - a scroll of immolation {unknown}
 q - a scroll of fear {unknown}
Potions
 g - a potion of cure mutation {unknown}
 j - a potion of brilliance {unknown}
 k - a potion of lignification {unknown}
Books
 b - a book of Conjurations

   Spells                             Type                      Level
   a - Magic Dart                     Conjuration                  1
   b - Searing Ray                    Conjuration                  2
   c - Dazzling Spray                 Conjuration/Hexes            3
   d - Fulminant Prism                Conjuration/Hexes            4
   e - Iskenderun's Mystic Blast      Conjuration                  4
   f - Iskenderun's Battlesphere      Conjuration/Charms           5
Comestibles
 c - 2 bread rations
 d - 2 fruits
 l - a chunk of flesh
 m - a slice of pizza


   Skills:
 - Level 2.4 Dodging
 - Level 2.4 Stealth
 + Level 4.3 Spellcasting
 + Level 5.0 Conjurations


You had 9 spell levels left.
You knew the following spells:

 Your Spells              Type           Power        Failure   Level  Hunger
a - Magic Dart            Conj           ###.         1%          1    None


Dungeon Overview and Level Annotations

Branches:
Dungeon (2/15)

Altars:
Trog

Annotations:
D:2 Ijyb


Message History

Casting: Magic Dart
Confirm with . or Enter, or press ? or * to list all spells.
Aiming: Magic Dart
Press: ? - help, Shift-Dir - straight line, f/p - Ijyb
Aim: Ijyb, wielding an enchanted dagger and wearing a leather armour (severely wounded)
The magic dart hits Ijyb.
Ijyb is severely wounded.
Ijyb hits you with an enchanted dagger.
* * * LOW HITPOINT WARNING * * *
Casting: Magic Dart
Confirm with . or Enter, or press ? or * to list all spells.
Aiming: Magic Dart
Press: ? - help, Shift-Dir - straight line, f/p - Ijyb
Aim: Ijyb, wielding an enchanted dagger and wearing a leather armour (severely wounded)
You miscast Magic Dart.
You are very lightly contaminated with residual magic.
Nothing appears to happen.
Ijyb screams, "Get away!"
Ijyb hits you with an enchanted dagger.
You die...

########
#########......####
#>@g...............
#.#######......###.
#.# #......# ## #.#
#......# # #.#
######## # #.# #
#.# #.####### .....
#[....... .....


You could see Ijyb.

Vanquished Creatures
  An adder (D:2)
  An ooze (D:1)
  A dart slug (D:2)
  3 bats (D:1)
  3 goblins
  2 hobgoblins
  5 jackals (D:1)
  3 kobolds (D:1)
  3 frilled lizards
  2 rats (D:1)
24 creatures vanquished.

Notes
Turn   | Place    | Note
-------+----------+-------------------------------------------
     0 | D:1      | lorenzova the Deep Elf Conjurer began the quest for the Orb.
     0 | D:1      | Reached XP level 1. HP: 10/10 MP: 6/6
   297 | D:1      | Reached XP level 2. HP: 11/15 MP: 0/8
  1375 | D:2      | Found a bloodstained altar of Trog.
  1379 | D:2      | Reached skill level 5 in Conjurations
  1379 | D:2      | Reached XP level 3. HP: 13/19 MP: 5/10
  1734 | D:2      | Noticed Ijyb
  1774 | D:2      | Slain by Ijyb

Skill      XL: |  1  2 |
---------------+-------+-----
Spellcasting   | 4 |  4.3
Conjurations   | 5 |  5.0
Dodging        | |  2.4
Stealth        | |  2.4

Action                   || total
-------------------------++-------
Throw: Tomahawk          ||     7
 Cast: Magic Dart        ||    57
  Use: Scroll            ||     4
  Eat: Chunk             ||     2
Armor: Robe              ||     3
Dodge: Dodged            ||    10
